 Dungeon Crawl Stone Soup version 0.18.1-48-g4cf74bf (webtiles) character file.

1928 theElss the Destroyer (level 8, -7/52 HPs)
             Began as a High Elf Conjurer on Sept 7, 2016.
             Was a Believer of Vehumet.
             Mangled by an orc warrior
             ... wielding a +0 flail
              (23 damage)
             ... on level 6 of the Dungeon.
             The game lasted 00:29:05 (8130 turns).

theElss the Destroyer (High Elf Conjurer)           Turns: 8130, Time: 00:29:06

Health: -7/52      AC:  6    Str:  7    XL:     8   Next: 96%
Magic:  5/20       EV: 16    Int: 21    God:    Vehumet [**....]
Gold:   394        SH:  6    Dex: 21    Spells: 4 memorised, 9 levels left

rFire  + . .     SeeInvis .     D - +2 dagger (venom)
rCold  + . .     Gourm    .     H - +2 robe {rC+ rF+}
rNeg   . . .     Faith    .     k - +0 buckler
rPois  +         Spirit   .     (no helmet)
rElec  .         Dismiss  .     u - +0 cloak
rCorr  .         Reflect  .     (no gloves)
SustAt .         Harm     .     z - +0 pair of boots
MR     .....                    (no amulet)
Stlth  ++........               p - +5 ring of dexterity
                                e - ring of poison resistance

@: not resistant to hostile enchantments, unstealthy
A: no striking features
a: Renounce Religion


You were on level 6 of the Dungeon.
You worshipped Vehumet.
Vehumet was pleased with you.
You were hungry.

You visited 1 branch of the dungeon, and saw 7 of its levels.

You collected 394 gold pieces.

Inventory:

Hand Weapons
 D - a +2 dagger of venom (weapon)
Armour
 a - a +0 robe
 k - a +0 buckler (worn)
 u - a +0 cloak (worn)
 z - a +0 pair of boots (worn)
 H - a +2 robe of resistance (worn)
Jewellery
 d - an uncursed ring of ice
 e - a ring of poison resistance (left hand)
 p - a +5 ring of dexterity (right hand)
Wands
 y - a wand of random effects (23/48)
 C - a wand of iceblast (7/15)
 F - a wand of random effects (19/48)
Scrolls
 i - 2 scrolls of magic mapping
 m - a scroll of remove curse {unknown}
 o - 2 scrolls of noise {unknown}
 q - a scroll of recharging {unknown}
 s - 3 scrolls of amnesia
 t - 2 scrolls of fear {unknown}
 v - 4 scrolls of teleportation {unknown}
 A - 2 scrolls of blinking
Potions
 f - a potion of haste {unknown}
 g - 2 potions of might
 h - a potion of agility {unknown}
 j - a potion of heal wounds {unknown}
 l - 3 potions of lignification
 w - a potion of brilliance {unknown}
 x - a potion of degeneration {unknown}
 B - a potion of cure mutation {unknown}
Books
 b - a book of Conjurations

   Spells                             Type                      Level
   a - Magic Dart                     Conjuration                  1
   b - Searing Ray                    Conjuration                  2
   c - Dazzling Spray                 Conjuration/Hexes            3
   d - Fulminant Prism                Conjuration/Hexes            4
   e - Iskenderun's Mystic Blast      Conjuration                  4
   f - Iskenderun's Battlesphere      Conjuration/Charms           5
Comestibles
 c - 4 bread rations
 n - 3 beef jerkies
 r - 2 meat rations


   Skills:
 + Level 3.5 Fighting
 + Level 4.7 Dodging
 - Level 2.1 Stealth
 + Level 4.0 Shields
 + Level 7.3 Spellcasting
 + Level 8.5 Conjurations


You had 9 spell levels left.
You knew the following spells:

 Your Spells              Type           Power        Failure   Level  Hunger
a - Magic Dart            Conj           ####         1%          1    None
b - Iskenderun's Battles  Conj/Chrm      ####....     41%         5    #####..
c - Searing Ray           Conj           #####.       1%          2    None
d - Iskenderun's Mystic   Conj           #####...     2%          4    ###....


Dungeon Overview and Level Annotations

Branches:
Dungeon (7/15)
 Temple: D:4-7

Altars:
Elyvilon
Nemelex Xobeh
Qazlal
Ru
Trog
Vehumet
Xom

Annotations:
D:3 Sigmund
D:5 Eustachio


Message History

The orc warrior is moderately wounded.
Casting: Iskenderun's Mystic Blast
Confirm with . or Enter, or press ? or * to list all spells.
Aiming: Iskenderun's Mystic Blast
Press: ? - help, Shift-Dir - straight line, f/p - orc warrior
Aim: an orc warrior, wielding a flail and wearing a chain mail (moderately wounded)
The orb of energy hits the orc warrior.
The orc warrior is heavily wounded.
The orb of energy explodes!
You are feeling hungry.
The orc warrior closely misses you.
Casting: Iskenderun's Mystic Blast
Confirm with . or Enter, or press ? or * to list all spells.
Aiming: Iskenderun's Mystic Blast
Press: ? - help, Shift-Dir - straight line, f/p - orc warrior
Aim: an orc warrior, wielding a flail and wearing a chain mail (heavily wounded)
The orb of energy hits the orc warrior.
The orc warrior is severely wounded.
The orb of energy explodes!
The orc warrior hits you with a flail!!
You die...

#............######.###.#
#.#####..###.# #.# #.#
#..####..###.# #.# #.#
#..........#.# #.# #.#
#..#######.#.######.# #.#
#..#.....#..........# #.#
#..#.....#.#.######## #.#
#..'.....#.#.####### #.#
#..#.....#..(..o@..# #.#
#..#######.#.#.###.# #.#
#............#.# #.# #.#
##############.# #.# #.#
#.# #.# #.# #.# #.# ##.#
#.# #.# #..# #.# #.# #.##
##### #.# #.# #.#


You could see an orc warrior.

Vanquished Creatures
  Prince Ribbit (D:6)
  2 phantoms
  2 sky beasts (D:5)
  2 ogres
  Blork the orc (D:6)
  2 giant frogs (D:6)
  A scorpion (D:6)
  A howler monkey (D:5)
  2 crimson imps
  A jelly (D:5)
  4 hounds
  7 orc priests
  2 iguanas (D:5)
  3 orc wizards
  3 worker ants
  8 gnolls
  6 adders
  3 oozes
  An adder skeleton (D:5)
  2 adder zombies (D:6)
  A worm (D:3)
  A dart slug (D:1)
  5 giant geckos
  20 orcs
  7 bats
  5 giant cockroaches
  7 goblins
  8 hobgoblins (D:1)
  3 jackals
  18 kobolds
  A quokka (D:4)
  3 ball pythons
  A ball python zombie (D:5)
  8 giant newts
  A quokka skeleton (D:5)
  6 rats
149 creatures vanquished.

Notes
Turn   | Place    | Note
--------------------------------------------------------------
     0 | D:1      | theElss the High Elf Conjurer began the quest for the Orb.
     0 | D:1      | Reached XP level 1. HP: 11/11 MP: 4/4
   216 | D:1      | Reached XP level 2. HP: 17/17 MP: 1/6
   322 | D:1      | Reached skill level 5 in Conjurations
   401 | D:1      | Reached skill level 1 in Fighting
   528 | D:1      | Reached XP level 3. HP: 23/23 MP: 3/7
  1120 | D:1      | Learned a level 2 spell: Searing Ray
  1802 | D:2      | Found a radiant altar of Vehumet.
  1811 | D:2      | Reached XP level 4. HP: 28/28 MP: 2/8
  1867 | D:2      | Learned a level 4 spell: Iskenderun's Mystic Blast
  1870 | D:2      | Became a worshipper of Vehumet
  2345 | D:3      | Reached skill level 6 in Conjurations
  2708 | D:3      | Noticed Sigmund
  2717 | D:3      | Found a bloodstained altar of Trog.
  2739 | D:3      | Reached XP level 5. HP: 17/34 MP: 0/10
  2760 | D:3      | Reached * piety under Vehumet
  2760 | D:3      | Offered knowledge of Shock by Vehumet.
  3646 | D:4      | Noticed an ogre
  3651 | D:4      | Killed an ogre
  3651 | D:4      | Reached XP level 6. HP: 39/39 MP: 6/13
  4548 | D:4      | Reached skill level 7 in Conjurations
  4773 | D:4      | Reached XP level 7. HP: 45/45 MP: 9/15
  4888 | D:5      | Entered Level 5 of the Dungeon
  5261 | D:4      | Reached skill level 5 in Spellcasting
  5323 | D:4      | Learned a level 5 spell: Iskenderun's Battlesphere
  5378 | D:5      | Noticed Eustachio
  5743 | D:5      | Found a shimmering altar of Xom.
  5828 | D:5      | Reached skill level 1 in Shields
  5945 | D:5      | Offered knowledge of Sandblast by Vehumet.
  6408 | D:5      | Reached XP level 8. HP: 52/52 MP: 12/17
  6523 | D:5      | Found a sparkling altar of Nemelex Xobeh.
  6549 | D:5      | Reached ** piety under Vehumet
  6979 | D:6      | Found a stormy altar of Qazlal.
  6993 | D:6      | Noticed Prince Ribbit
  7000 | D:6      | Killed Prince Ribbit
  7000 | D:6      | Reached skill level 8 in Conjurations
  7431 | D:6      | Noticed Blork the orc
  7433 | D:6      | Killed Blork the orc
  7515 | D:6      | Found a white marble altar of Elyvilon.
  7724 | D:6      | Found a sacrificial altar of Ru.
  7977 | D:7      | Noticed a brown ugly thing
  8130 | D:6      | Mangled by an orc warrior

Skill      XL: |  1  2  3  4  5  6  7  8 |
---------------+-------------------------+-----
Conjurations   | 5 6 7 8 |  8.5
Fighting       | 1 2 3 |  3.5
Spellcasting   | 3 4 5 7 |  7.3
Dodging        | 3 4 |  4.7
Shields        | 3 4 |  4.0
Stealth        | |  2.1

Action                   |  1- 3 |  4- 6 |  7- 9 || total
-------------------------+-------+-------+-------++-------
Melee: Unarmed           |     4 |       |       ||     4
       Short sword       |       |    10 |    10 ||    20
       Dagger            |       |       |     4 ||     4
 Cast: Magic Dart        |    76 |   142 |    99 ||   317
       Searing Ray       |       |     7 |    18 ||    25
       Iskenderun's Myst |       |     1 |    24 ||    25
  Use: Scroll            |       |       |     7 ||     7
  Eat: Chunk             |     3 |    10 |    10 ||    23
       Royal jelly       |       |       |     1 ||     1
Armor: Robe              |       |     4 |     2 ||     6
Dodge: Dodged            |     7 |    17 |    31 ||    55
Block: Buckler           |       |       |    14 ||    14
